 Dungeon Crawl Stone Soup version 0.31-a0-963-ga325b2283a (webtiles) character file.

Game seed: 12417834376315854607

25 LadyBoffin the Stinger (level 2, 15/15 HPs)
             Began as a Deep Elf Venom Mage on Oct 26, 2023.
             Was a Follower of Ru.
             Got out of the dungeon alive.
             The game lasted 00:02:56 (549 turns).

LadyBoffin the Stinger (Deep Elf Venom Mage)         Turns: 549, Time: 00:02:57

Health: 15/15      AC:  2    Str:  5    XL:     2   Next: 86%
Magic:  8/8        EV: 12    Int: 19    God:    Ru [*.....]
Gold:   40         SH:  0    Dex: 15    Spells: 5/8 levels left

rFire   . . .        (no weapon)
rCold   . . .        (no shield)
rNeg    . . .        a - +0 robe
rPois   .            (no helmet)
rElec   .            (no cloak)
rCorr   .            (no gloves)
SInv    .            (no boots)
Will    .....        (no amulet)
Stlth   ++           (no ring)
HPRegen 0.22/turn    (no ring)
MPRegen 0.11/turn

%: no passive effects
@: no status effects
A: inability to read after injury 2
a: Renounce Religion


You escaped.
You worshipped Ru.
Ru was aware of your devotion.
You visited 1 branch of the dungeon, and saw 1 of its levels.

You collected 40 gold pieces.

Inventory:

Armour
 a - a +0 robe (worn)
Jewellery
 f - a ring of protection from fire
Scrolls
 d - a scroll of butterflies {unknown}
 e - a scroll of fog {unknown}
 g - a scroll of fear {unknown}
Potions
 b - a potion of magic
 c - a potion of invisibility {unknown}


   Skills:
 + Level 2.5 Dodging
 + Level 2.5 Stealth
 + Level 3.7 Spellcasting
 + Level 1.5 Transmutations
 + Level 3.9 Poison Magic


You had 5 spell levels left.
You knew the following spells:

 Your Spells              Type           Power      Damage    Failure   Level
a - Sting                 Tmut/Pois      52%        1d5       4%          1
b - Poisonous Vapours     Pois/Air       20%        N/A       10%         2

Your spell library contained the following spells:

 Spells                   Type           Power      Damage    Failure   Level
 Apportation              Tloc           6%         N/A       14%         1
 Jinxbite                 Hex            6%         N/A       22%         2
 Scorch                   Fire           6%         2d5       22%         2
 Mephitic Cloud           Conj/Pois/Air  8%         N/A       26%         3
 Olgreb's Toxic Radiance  Pois           18%        N/A       28%         4
 Alistair's Intoxication  Tmut/Pois      8%         N/A       78%         5
 Flame Wave               Conj/Fire      3%         2d5       80%         4
 Summon Cactus Giant      Summ           1%         N/A       100%        6


Dungeon Overview and Level Annotations

Branches:
Dungeon (1/15)

Altars:
Ru


Innate Abilities, Weirdness & Mutations

You sometimes lose the ability to read scrolls when taking damage.


Message History

Found a dagger.
Aiming: Sting (safe; 4% risk of failure)
Press: ? - help, Q - select action, (/) - cycle Shift-Dir - straight line, f - you
Okay, then.
Aiming: Sting (safe; 4% risk of failure)
Press: ? - help, Q - select action, (/) - cycle Shift-Dir - straight line, f - you
Okay, then.
Aiming: Sting (safe; 4% risk of failure)
Press: ? - help, Q - select action, (/) - cycle Shift-Dir - straight line, f - giant cockroach
Aim: a giant cockroach (71% to hit)
The sting hits the giant cockroach but does no damage.
The giant cockroach is poisoned.
Aiming: Sting (safe; 4% risk of failure)
Press: ? - help, Q - select action, (/) - cycle Shift-Dir - straight line, f/p - giant cockroach
Aim: a giant cockroach (severely wounded, poisoned, 71% to hit)
The sting hits the giant cockroach.
The giant cockroach looks even sicker.
You kill the giant cockroach!
There is an open door here.
There is a faded altar of an unknown god here.
This altar belongs to (a) Ru, (b) Zin or (c) Okawaru, but you can't tell which.
Press the corresponding letter to learn more about a god, or press enter to convert or escape to cancel.
Ru accepts your prayer! Ru welcomes you!
Ru believes you are ready to make a new sacrifice.
Ru asks you to sacrifice your Dodging skill.
This is a major sacrifice.
Piety after sacrifice: *.....
Okay, then.
Ru asks you to sacrifice your ability to read when injured.
This is a major sacrifice.
Piety after sacrifice: *.....
You occasionally lose the ability to read scrolls when taking damage.
You lose the ability to read scrolls when taking damage more often.
You now exude an aura of power that intimidates your foes.
You open the door.
There is an open door here.
Found a scroll labelled RIUSAG HO TOI.
g - a scroll labelled RIUSAG HO TOI Unknown command.
There is a staircase leading out of the dungeon here.
Alright, then stay!
Unknown command.
You have escaped!

##.#.#......##.###.##.......###
##...###.....##.#.##.....#..#
....#..##.....##.##.....###.#
###.#...##.....###.....## .#
#....#.##.....#.....## .#
###..##)##.....[...## .#
#...##.##..8.>..##
###.###.##.....## .# ##.##.@.##
#..# .# ##.#...# #..# ##
#.#...# #..# # #.#...# #..# #
#.#...# ..# ### #.#...# #.# ..)
#.#...# #†###.### #.#...#
#.....#8. #.#...#.# #..8###..


There were no monsters in sight!

Vanquished Creatures
  A gnoll (D:1)
  3 ball pythons (D:1)
  A giant cockroach (D:1)
  2 hobgoblins (D:1)
  3 quokkas (D:1)
  A bat (D:1)
  A frilled lizard (D:1)
  2 rats (D:1)
14 creatures vanquished.

Notes
Turn   | Place    | Note
-------+----------+-------------------------------------------
     0 | D:1      | LadyBoffin the Deep Elf Venom Mage began the quest for the
                  | Orb.
     0 | D:1      | Reached XP level 1. HP: 10/10 MP: 6/6
   275 | D:1      | Reached XP level 2. HP: 13/15 MP: 3/8
   362 | D:1      | Learned a level 2 spell: Poisonous Vapours
   484 | D:1      | Found a faded altar of an unknown god.
   498 | D:1      | Prayed at the altar of an unknown god.
   498 | D:1      | Became a worshipper of Ru the Awakened
   499 | D:1      | Gained mutation: You occasionally lose the ability to read
                  | scrolls when taking damage. [Ru sacrifice]
   499 | D:1      | Gained mutation: You sometimes lose the ability to read
                  | scrolls when taking damage. [Ru sacrifice]
   499 | D:1      | Reached * piety under Ru
   549 | D:$      | Got out of the dungeon alive.

Illustrated notes

Levels and vault maps discovered:
D:1:      psy_arrival_spokes, layout_loops_ring, serial_shops, shop,
          dreamdust_ecumenical_altar_angels_and_demons

Action                     || total
---------------------------++-------
   Cast: Sting             ||    26
 Invoke: Sacrifice Words   ||     1
 Armour: Robe              ||     3
  Dodge: Dodged            ||     6

Table legend: (Time is in decaauts)
 A = Elapsed time spent in this place.
 B = Non-inter-level travel time spent in this place.
 C = Inter-level travel time spent in this place.
 D = Time resting spent in this place.
 E = Time spent auto-exploring this place.
 F = Levels seen in this place.
 G = Mean time per level.
                   A        B        C        D        E       F      G
               +--------+--------+--------+--------+--------+-----+--------+
         Total |    549 |    520 |     29 |     69 |    317 |   1 |  549.0 |
       Dungeon |    549 |    520 |     29 |     69 |    317 |   1 |  549.0 |
               +--------+--------+--------+--------+--------+-----+--------+

Top non-repeatable levels by time:
     D:1: 549 daAuts
